 Dungeon Crawl Stone Soup version 0.29.1-2-gbd0b4ee654 (webtiles) character file.

Game seed: 2875518498609085537

54 Lutefisk the Conjurer (level 3, -4/31 HPs)
             Began as a Draconian Conjurer on Oct 31, 2022.
             Was an Initiate of Sif Muna.
             Killed by nerve-wracking pain
             ... invoked by an orc priest
              (10 damage)
             ... on level 4 of the Dungeon.
             The game lasted 00:11:31 (1246 turns).

Lutefisk the Conjurer (Draconian Conjurer)          Turns: 1246, Time: 00:11:32

Health: -4/31      AC:  5    Str:  9    XL:     3   Next: 66%
Magic:  7/7        EV:  9    Int: 18    God:    Sif Muna [......]
Gold:   114        SH:  0    Dex: 11    Spells: 2/7 levels left

rFire   . . .      SeeInvis .   d - +0 club
rCold   . . .      Faith    .   (no shield)
rNeg    . . .      Spirit   .   (body armour unavailable)
rPois   .          Reflect  .   (helmet restricted)
rElec   .          Harm     .   (no cloak)
rCorr   .          Rampage  .   (no gloves)
Will    .....                   (no boots)
Stlth   ++........              (no amulet)
HPRegen 0.10/turn               l - ring of flight
MPRegen 0.10/turn               (no ring)

@: about to teleport, flying, constricted
A: AC +5, unfitting armour, cold-blooded
a: Renounce Religion


You were on level 4 of the Dungeon.
You worshipped Sif Muna.
Sif Muna was noncommittal.
You visited 1 branch of the dungeon, and saw 4 of its levels.

You collected 114 gold pieces.

Inventory:

Hand Weapons
 c - a +0 sling
 d - a +0 club (weapon)
Missiles
 b - 2 poisoned darts
Jewellery
 e - a ring of fire
 l - a ring of flight (left hand)
Scrolls
 f - a scroll of brand weapon {unknown}
 h - 2 scrolls of identify
 j - 2 scrolls of enchant armour
 o - a scroll of acquirement {unknown}
Potions
 a - a potion of magic
 g - a potion of berserk rage {unknown}
 i - a potion of ambrosia {unknown}
 k - 2 potions of curing {unknown}
 m - a potion of heal wounds {unknown}
 p - a potion of brilliance {unknown}


   Skills:
 - Level 3.0 Fighting
 - Level 1.7 Dodging
 - Level 1.7 Stealth
 * Level 2.6 Spellcasting
 * Level 4.0 Conjurations


You had 2 spell levels left.
You knew the following spells:

 Your Spells              Type           Power      Damage    Failure   Level
a - Magic Dart            Conj           64%        1d6       3%          1
b - Searing Ray           Conj           32%        2d5       4%          2
c - Static Discharge      Conj/Air       9%         3-5/arc   11%         2

Your spell library contained the following spells:

 Spells                   Type           Power      Damage    Failure   Level
 Dazzling Flash           Conj/Hex       18%        N/A       22%         3
 Fulminant Prism          Conj/Hex       4%         3d6       58%         4
 Iskenderun's Mystic Bla  Conj/Tloc      9%         2d4       58%         4
 Lightning Bolt           Conj/Air       4%         1d16      90%         5
 Maxwell's Capacitive Co  Air            1%         ∞         100%        8


Dungeon Overview and Level Annotations

Branches:
Dungeon (4/15)
 Temple: D:4-7

Altars:
Sif Muna
Vehumet


Innate Abilities, Weirdness & Mutations

Your plain brown scales are hard. (AC +5)
You cannot fit into any form of body armour.
You are cold-blooded and may be slowed by cold attacks.


Message History

There is an open door here.
The ball python bites you. The ball python misses you.
The ball python attacks as you move away!
The ball python bites you but does no damage.
The ball python attacks as you move away!
The ball python barely misses you. The ball python completely misses you.
The ball python bites you but does no damage.
The ball python misses you.
Things that are here:
a +0 club; 8 stones The ball python bites you.
The ball python grabs you. The ball python constricts you.
You escape the ball python's grasp.
The ball python attacks as you move away!
The ball python bites you but does no damage.
The ball python closely misses you.
The ball python attacks as you move away!
The ball python closely misses you. x2
There is a stone staircase leading up here.
The ball python bites you. The ball python grabs you.
You stop ascending the stairs.
The ball python constricts you. The ball python bites you.
* * * LOW HITPOINT WARNING * * *
The ball python constricts you.
* * * LOW HITPOINT WARNING * * *
You escape the ball python's grasp. 2 orc priests and an orc wizard come into view.
The orc priest shouts!
You hear a shout!
As you read the scroll of teleportation, it crumbles to dust.
You feel strangely unstable. The ball python bites you.
* * * LOW HITPOINT WARNING * * *
The ball python grabs you. The ball python constricts you.
* * * LOW HITPOINT WARNING * * *
The orc priest looks encouraged for a moment.
You escape the ball python's grasp.
The ball python completely misses you. The ball python grabs you.
The ball python constricts you.
The orc priest invokes the aid of Beogh against you.
Pain shoots through your body!
You die...

###.# ##.## #....### ....#
#.# ###......# ##### #.#
#........# ##'##
#........# ##...##
#...<....# ##<....##
###......# # ##.......##
#...####
####.........####SW.#####
...'.........+..@...o.o..o
####.........####...######
# ##.......## #..## #
##.....## #.## # ##...##
#.# # ##'## #.# #
######(##### #.# #
#......#... #.# #
#.####.#.#


You could see a phantom, an orc priest, an orc wizard and a ball python.

Vanquished Creatures
  A dart slug (D:1)
  4 bats
  3 endoplasms
  3 giant cockroaches (D:1)
  6 goblins
  11 hobgoblins
  2 quokkas
  5 ball pythons
  3 frilled lizards
  4 kobolds
  4 rats
46 creatures vanquished.

Notes
Turn   | Place    | Note
-------+----------+-------------------------------------------
     0 | D:1      | Lutefisk the Draconian Conjurer began the quest for the
                  | Orb.
     0 | D:1      | Reached XP level 1. HP: 14/14 MP: 3/3
    30 | D:1      | Reached skill level 1 in Fighting
    80 | D:1      | Reached XP level 2. HP: 11/24 MP: 0/5
   110 | D:1      | Found a faded altar of an unknown god.
   267 | D:1      | You fall into a shaft and drop 1 floor!
   331 | D:1      | Learned a level 2 spell: Searing Ray
   334 | D:1      | Reached XP level 3. HP: 31/31 MP: 1/6
   413 | D:1      | Learned a level 2 spell: Static Discharge
   696 | D:3      | Found a radiant altar of Vehumet.
   696 | D:3      | Found a shimmering blue altar of Sif Muna.
   703 | D:3      | Became a worshipper of Sif Muna the Loreminder
  1129 | D:4      | Noticed a phantom
  1246 | D:4      | Killed from afar by an orc priest

Illustrated notes

Levels and vault maps discovered:
D:1:      dpeg_arrival_boxes_within_box, layout_rooms,
          shapermc_ecumenical_altar_starsandcircs, minmay_surrounded
D:2:      layout_basic
D:3:      layout_basic, jmf_multi_god_temple, fountainhead,
          minmay_three_crescents
D:4:      layout_loops_corners

Skill      XL: |  1  2 |
---------------+-------+-----
Fighting       | 1 3 |  3.0
Dodging        | |  1.7
Stealth        | |  1.7
Spellcasting   | |  2.6
Conjurations   | |  4.0

Action                   || total
-------------------------++-------
Melee: Unarmed           ||    32
       Tailslap          ||     3
       Club              ||     4
 Fire: Sling             ||    47
 Cast: Magic Dart        ||    58
       Searing Ray       ||     1
  Use: Scroll            ||     4
Armor: Skin              ||    38
Dodge: Dodged            ||   115
